Map: Ley Lines

Players

jotik - Winner!

  • Race: Zerg Zerg
  • League: Master
  • Spawn Location: 7:00

Etherodox

  • Race: Terran Terran
  • League: Master
  • Spawn Location: 1:00

VOD

Have the link to the VOD?

Description

Time

  • Played on: Sept. 6, 2025, 8:34 a.m.
  • Length: 18:24
Show
View Real Time Build Order
Export as new Build Order

jotik Zerg - Winner!

Build Orders: Hatch First 

Get SALT Encoding   

  12  0:01  Drone  
  13  0:13  Overlord  
  13  0:17  Drone  
  14  0:31  Drone x2  
  16  0:35  Drone  
  17  0:57  Drone, Hatchery  
  17  1:00  Drone  
  18  1:13  Extractor  
  18  1:18  Spawning Pool  
  16  1:26  Drone x2  
  18  1:35  Drone  
  19  1:46  Drone  
  20  1:59  Overlord  
  20  2:02  Drone  
  20  2:08  Queen  
  21  2:09  Queen  
  21  2:15  Drone x2  
  25  2:20  Zergling x2  
  27  2:24  Metabolic Boost  
  27  2:26  Zergling x2  
  28  2:32  Drone  
  28  2:35  Zergling x2  
  30  2:42  Drone  
  31  2:53  Drone x2  
  33  3:03  Queen  
  35  3:05  Drone  
  35  3:07  Overlord  
  36  3:25  Queen  
  36  3:26  Drone  
  44  3:27  Drone x5  
  44  3:54  Hatchery  
  43  3:58  Drone  
  43  4:01  Overlord x3  
  44  4:13  Extractor  
  44  4:15  Baneling Nest  
  42  4:19  Lair  
  42  4:20  Drone  
  42  4:21  Drone x10  
  53  4:33  Drone  
  53  4:34  Drone x3  
  56  4:55  Drone x5  
  61  5:07  Queen x2  
  61  5:08  Drone  
  61  5:09  Drone x3  
  69  5:24  Evolution Chamber x2  
  66  5:50  Zerg Ground Armor Level 1, Zerg Melee Weapons Level 1  
  66  5:52  Centrifugal Hooks  
  66  5:55  Drone, Extractor  
  66  5:56  Drone x7  
  73  5:59  Extractor x2  
  71  6:06  Drone  
  71  6:07  Drone  
  71  6:08  Overlord x4  
  73  6:15  Spine Crawler  
  73  6:18  Spine Crawler  
  71  6:23  Zergling x4  
  73  6:29  Overlord x3  
  73  6:35  Drone  
  73  6:36  Drone  
  73  6:37  Drone  
  73  6:39  Drone x3  
  79  6:40  Drone  
  79  6:41  Drone x2  
  82  6:50  Overlord  
  82  6:51  Overlord x3  
  82  6:56  Hatchery  
  81  7:11  Queen x3  
  87  7:16  Zergling x26  
  100  7:57  Zergling x2  
  100  7:58  Zergling x18  
  92  8:24  Drone x4  
  92  8:25  Drone x15  
  110  8:50  Extractor  
  110  8:51  Extractor  
  110  8:53  Drone x3  
  110  8:54  Drone x2  
  110  8:55  Drone  
  114  8:57  Zergling x8  
  114  9:01  Zerg Melee Weapons Level 2, Zerg Ground Armor Level 2  
  118  9:07  Hatchery  
  117  9:38  Zergling x2  
  117  9:39  Zergling x28  
  117  9:43  Baneling  
  117  9:44  Baneling x14  
  132  9:49  Hydralisk Den  
  132  9:51  Infestation Pit  
  130  9:54  Zergling x12  
  130  9:55  Zergling x10  
  141  10:06  Hatchery  
  101  10:36  Zergling x10  
  101  10:37  Zergling x26  
  116  10:47  Zergling x22  
  123  10:56  Queen x5  
  130  11:01  Zergling x2  
  130  11:02  Zergling x14  
  137  11:06  Baneling  
  137  11:07  Baneling x5  
  137  11:08  Baneling x2, Overseer x2  
  130  11:31  Queen  
  130  11:32  Pneumatized Carapace  
  132  11:36  Spore Crawler  
  130  11:41  Zergling x18  
  130  11:42  Zergling x34  
  137  11:56  Zergling x2  
  137  11:57  Zergling x16  
  146  12:14  Baneling  
  146  12:15  Baneling x5  
  146  12:18  Zerg Missile Weapons Level 1, Hydralisk x7  
  146  12:19  Hydralisk x2  
  146  12:21  Hatchery  
  163  12:23  Hatchery  
  163  12:24  Overseer x2  
  163  12:26  Overlord x4  
  163  12:29  Overlord  
  162  12:30  Overlord x3  
  162  12:37  Lurker Den  
  162  12:42  Hive  
  162  12:44  Grooved Spines  
  161  12:48  Zergling x18  
  161  12:49  Zergling x20  
  180  12:54  Baneling  
  180  12:55  Baneling x16  
  141  13:30  Hydralisk x13  
  141  13:31  Hydralisk x13  
  141  13:34  Muscular Augments  
  188  13:53  Zergling x4  
  188  13:54  Zergling x18  
  199  14:06  Baneling x16  
  179  14:46  Hydralisk  
  179  14:47  Hydralisk x9  
  199  14:54  Adaptive Talons  
  199  15:02  Drone  
  200  15:12  Hatchery  
  107  15:48  Hydralisk x16  
  107  15:49  Hydralisk x16  
  153  15:51  Seismic Spines  
  151  16:08  Extractor  
  150  16:12  Drone x2  
  150  16:13  Drone  
  150  16:14  Drone x2  
  150  16:15  Drone x4, Hydralisk  
  150  16:16  Hydralisk x4  
  169  16:23  Lurker x3  
  169  16:24  Lurker x5  
  177  16:26  Lurker  
  177  16:30  Zergling x20  
  187  16:36  Overseer x4  
  187  16:38  Overlord x2  
  187  16:39  Overlord x2  
  131  17:16  Hydralisk  
  131  17:17  Hydralisk x17  
  131  17:18  Hydralisk x10  
  187  17:27  Hydralisk  
  187  17:28  Hydralisk x2  
  193  17:47  Hydralisk  
  193  17:48  Hydralisk x3  
Show
View Real Time Build Order
Export as new Build Order

Etherodox Terran 

Build Orders:  

Get SALT Encoding   

  12  0:03  SCV  
  13  0:15  SCV  
  13  0:18  Supply Depot  
  14  0:27  SCV  
  15  0:40  SCV  
  15  0:41  Refinery  
  16  0:46  Barracks  
  16  0:52  SCV  
  17  1:04  SCV  
  18  1:16  SCV  
  19  1:28  SCV  
  20  1:33  Reaper  
  21  1:43  Command Center  
  21  1:51  Orbital Command  
  21  1:58  Supply Depot  
  21  2:09  Factory  
  21  2:12  Marine  
  22  2:16  SCV  
  23  2:29  SCV  
  24  2:33  Barracks Reactor  
  24  2:40  Barracks  
  24  2:41  SCV  
  25  2:47  Refinery  
  25  2:54  SCV  
  26  3:07  SCV  
  26  3:11  Orbital Command  
  27  3:17  Bunker  
  27  3:19  SCV  
  28  3:27  Barracks Tech Lab  
  28  3:31  SCV  
  28  3:33  Supply Depot, Hellion  
  28  3:34  Hellion  
  33  3:38  SCV  
  34  3:43  SCV  
  34  3:45  Barracks Tech Lab  
  34  3:48  Supply Depot, Barracks Reactor  
  35  3:50  SCV  
  36  3:56  SCV  
  36  3:57  Starport  
  37  4:03  Hellion x2  
  37  4:04  SCV  
  37  4:08  SCV  
  43  4:18  SCV  
  43  4:20  SCV  
  43  4:21  Supply Depot  
  45  4:24  Widow Mine  
  45  4:25  Widow Mine  
  45  4:30  SCV  
  50  4:32  SCV  
  50  4:33  Factory  
  50  4:37  Barracks Tech Lab  
  51  4:42  SCV  
  51  4:44  Supply Depot, SCV  
  53  4:50  Marine x2  
  55  4:54  SCV  
  55  4:56  SCV  
  55  4:58  Refinery  
  57  5:06  Supply Depot x2, SCV  
  58  5:07  Refinery  
  58  5:08  SCV  
  59  5:14  Marine x2  
  59  5:15  Marine  
  59  5:17  Widow Mine x2  
  59  5:18  SCV  
  59  5:20  SCV  
  68  5:39  Supply Depot, Command Center  
  68  5:46  SCV x2  
  70  5:55  Supply Depot  
  70  5:57  Supply Depot, Engineering Bay  
  70  5:58  SCV x2  
  70  6:02  Armory  
  70  6:03  Marine x2  
  74  6:06  Infernal Pre-Igniter, Hellion x2  
  74  6:10  SCV x2  
  80  6:12  Stimpack  
  80  6:21  Supply Depot  
  80  6:23  SCV x2  
  80  6:24  Supply Depot  
  82  6:35  SCV x2  
  84  6:46  Marine x2  
  86  6:47  SCV  
  86  6:50  Hellbat x2  
  86  6:51  Marine  
  86  6:52  Terran Vehicle Weapons Level 1  
  92  6:55  Terran Infantry Weapons Level 1  
  92  7:03  Marine  
  93  7:13  Marine x2  
  93  7:15  Widow Mine  
  97  7:21  Marine  
  98  7:25  Factory, Drilling Claws  
  98  7:27  Factory  
  98  7:28  Factory  
  96  7:31  Marine  
  95  7:40  SCV x2  
  95  7:41  Marine x2  
  95  7:44  Hellbat x2, Widow Mine  
  101  7:48  Marine  
  104  7:52  SCV x2  
  106  7:58  Marine  
  82  8:25  Marine x3  
  83  8:34  Hellion x2  
  83  8:36  Planetary Fortress  
  83  8:38  SCV x2  
  89  8:43  Marine x3, Factory Tech Lab x2  
  89  8:46  Missile Turret  
  92  8:49  Armory  
  92  8:50  SCV x2  
  94  8:56  Hellion x2  
  94  9:01  Marine x3  
  94  9:02  SCV x2, Refinery  
  103  9:04  Refinery  
  103  9:05  Siege Tank  
  103  9:09  Hellbat, Widow Mine  
  110  9:10  Terran Vehicle Weapons Level 2  
  110  9:14  SCV x2  
  112  9:17  Hellbat x2, SCV, Terran Infantry Weapons Level 2  
  117  9:26  Command Center, SCV  
  117  9:28  Marine, SCV  
  117  9:29  SCV  
  121  9:34  Hellbat, Widow Mine  
  121  9:37  Siege Tank  
  128  9:38  Hellbat  
  128  9:39  SCV  
  128  9:40  Supply Depot, SCV  
  128  9:41  Supply Depot  
  132  9:49  Hellbat  
  134  9:55  Widow Mine, Siege Tank  
  141  10:00  Hellbat  
  141  10:08  Terran Vehicle And Ship Armor Level 1  
  141  10:09  Widow Mine  
  141  10:13  Starport  
  143  10:16  Siege Tank  
  143  10:17  Supply Depot, Factory Tech Lab  
  143  10:19  Supply Depot  
  143  10:21  Supply Depot  
  146  10:22  Supply Depot  
  146  10:23  Supply Depot  
  109  10:39  Marine x2, Marauder  
  109  10:49  SCV  
  107  10:50  SCV x2  
  102  10:57  Marine x2  
  102  11:00  Siege Tank  
  102  11:01  Hellbat x2, Marauder, SCV, Widow Mine x2  
  102  11:02  SCV x2  
  120  11:14  SCV x3  
  123  11:22  Hellbat, Marauder, Widow Mine, Siege Tank x2  
  135  11:26  SCV x3  
  138  11:33  Hellbat  
  138  11:38  SCV x3  
  139  11:42  Refinery  
  139  11:43  Hellbat, Widow Mine, Refinery  
  139  11:44  Marauder  
  145  11:50  SCV x2  
  129  11:54  Hellbat, Hellion, Siege Tank  
  129  12:01  Terran Vehicle Weapons Level 3  
  136  12:02  Terran Vehicle And Ship Armor Level 2  
  136  12:05  Hellbat, Marauder, Widow Mine  
  142  12:15  Smart Servos  
  142  12:16  Widow Mine x2  
  142  12:19  Neosteel Armor  
  142  12:22  Starport Reactor  
  146  12:24  Widow Mine  
  146  12:26  Hellbat, Widow Mine x2  
  154  12:31  Planetary Fortress, Factory  
  154  12:33  Factory  
  154  12:34  Factory  
  154  12:37  Factory  
  154  12:39  Hellbat, Widow Mine  
  158  12:45  Siege Tank  
  158  12:48  Hellbat x2, Widow Mine  
  167  13:00  Widow Mine, Siege Tank  
  169  13:07  Command Center  
  169  13:11  Refinery  
  150  13:39  Siege Tank x4  
  162  13:51  SCV x3  
  162  13:55  Command Center  
  165  13:59  Command Center  
  165  14:03  SCV  
  166  14:11  Siege Tank x3  
  175  14:20  Hellbat, Widow Mine, Siege Tank  
  166  14:39  Terran Infantry Weapons Level 3  
  166  14:41  Hellbat, Widow Mine  
  166  14:43  Siege Tank x2  
  166  14:44  Hellbat  
  172  14:49  SCV x3  
  172  14:52  Factory Reactor x4  
  175  14:59  Hellion  
  176  15:03  Hellbat, Widow Mine  
  176  15:05  Cyclone  
  151  15:15  Siege Tank  
  142  15:33  Siege Tank  
  142  15:34  Hellbat, Widow Mine, Siege Tank  
  143  15:37  Hellbat  
  137  15:48  Widow Mine  
  134  15:58  Siege Tank  
  137  16:10  Command Center  
  137  16:16  Planetary Fortress  
  137  16:20  Planetary Fortress  
  137  16:21  SCV  
  137  16:22  SCV  
  139  16:33  SCV  
  140  16:40  Hellbat, Widow Mine, Siege Tank  
  127  17:09  Siege Tank x2  
  127  17:10  Hellbat, Widow Mine, Siege Tank  
  129  17:29  Starport  
  129  17:31  Starport x2  
Tags
 
Matchup
TvZ
Spawn Locations
Cross Positions
Add a new tag
Caveats
  • Supply blocks, unpowered buildings, or Contaminate may cause inaccurate times.
  • Supply counts are checked every 10 seconds.